 Dungeon Crawl Stone Soup version 0.29.1-15-g9cfb28693d (webtiles) character file.

Game seed: 3776611271535803522

53 croobank the Sneak (level 3, 0/26 HPs)
             Began as an Octopode Delver on Mar 15, 2023.
             Slain by a hound (6 damage)
             ... on level 5 of the Dungeon.
             The game lasted 00:02:27 (608 turns).

croobank the Sneak (Octopode Delver)                 Turns: 608, Time: 00:02:28

Health: 0/26       AC:  1    Str: 11    XL:     3   Next: 89%
Magic:  3/3        EV: 13    Int: 14    God:
Gold:   23         SH:  0    Dex: 13    Spells: 2/2 levels left

rFire   . . .      SeeInvis .   a - +0 hand axe
rCold   . . .      Faith    .   (no shield)
rNeg    . . .      Spirit   .   (helmet restricted)
rPois   .          Reflect  .   (no amulet)
rElec   .          Harm     .   (no ring)
rCorr   .          Rampage  .   (no ring)
Will    .....                   (no ring)
Stlth   ++++......              (no ring)
HPRegen 0.08/turn               (no ring)
MPRegen 0.08/turn               (no ring)
                                (no ring)
                                (no ring)

@: hasted, very quick
A: almost no armour, amphibious, 8 rings, camouflage 1, gelatinous body 1,
(nimble swimmer 1), tentacles
a: no special abilities


You were on level 5 of the Dungeon.
You visited 1 branch of the dungeon, and saw 3 of its levels.

You collected 23 gold pieces.

Inventory:

Hand Weapons
 a - a +0 hand axe (weapon)
Wands
 f - a wand of digging (3)
Scrolls
 b - a scroll of fog
 c - a scroll of magic mapping
 g - a scroll of immolation {unknown}


   Skills:
 + Level 3.4 Fighting
 + Level 2.6 Axes
 + Level 2.6 Dodging
 + Level 7.1 Stealth


You had 2 spell levels left.
You didn't know any spells.
Your spell library contained the following spells:

 Spells                   Type           Power      Damage    Failure   Level
 Magic Dart               Conj           0%         1d3       28%         1
 Searing Ray              Conj           0%         2d4       41%         2
 Fulminant Prism          Conj/Hex       0%         3d6       96%         4


Dungeon Overview and Level Annotations

Branches:
Dungeon (7/15)
 Temple: D:4-7

Altars:


Innate Abilities, Weirdness & Mutations

You cannot wear most types of armour.
You are amphibious.
You can wear up to eight rings at the same time.
Your skin changes colour to match your surroundings (Stealth+).
Your rubbery body absorbs attacks. (AC +1, EV +1)
((You are camouflaged when in or above water. (Stealth+)))
You have tentacles for arms and can constrict up to eight enemies at once.


Message History

You hit the white imp but do no damage. You constrict the white imp.
The white imp gestures at you. The puff of frost hits you!
You are too injured to fight recklessly!
You completely miss the white imp.
The white imp is lightly wounded.
You constrict the white imp, but do no damage.
The white imp gestures at you. The puff of frost hits you.
You hit the white imp.
The white imp is lightly wounded.
You constrict the white imp, but do no damage.
The white imp hits you.
* * * LOW HITPOINT WARNING * * *
The white imp freezes you.
* * * LOW HITPOINT WARNING * * *
You feel much better.
You constrict the white imp.
The hound barks!
The white imp barely misses you.
You hit the white imp. You squeeze the white imp.
The white imp is heavily wounded.
You constrict the white imp. The white imp gestures at you.
The puff of frost hits you!
Ouch! That really hurt!
You hit the white imp but do no damage.
The white imp is heavily wounded.
You constrict the white imp.
You kill the white imp!
The gnoll shouts!
You hear a shout!
A gnoll sergeant comes into view. It is wielding a +0 spear.
A gnoll comes into view. It is wielding a +0 club.
Okay, then.
You barely miss the hound.
The gnoll sergeant shouts!
The gnoll shouts!
You grab the hound. You constrict the hound. The hound bites you.
* * * LOW HITPOINT WARNING * * *
The hound closely misses you.
You feel yourself speed up.
You constrict the hound. The hound bites you.
You die...

...Y.. .# ###.....#
... ## ......##..
#..##.##.......>##
#..#.#....?. ...##
##).......## .....
#.......#..#......
##......###h#......
#........##@.?.....
...###....#........
# #.#.............
##.#....#......g.
#..#.........g...
#.....#.........
##.รท.#.......#g.
##.##..##.....#..
##..###.##.......


You could see a gnoll sergeant, a hound and 2 gnolls.

Vanquished Creatures
  A jelly (D:6)
  An adder (D:5)
  A white imp (D:5)
  3 orcs (D:6)
6 creatures vanquished.

Notes
Turn   | Place    | Note
-------+----------+-------------------------------------------
     0 | D:5      | croobank the Octopode Delver began the quest for the Orb.
     0 | D:5      | Reached XP level 1. HP: 16/16 MP: 1/1
    27 | D:5      | Reached XP level 2. HP: 10/21 MP: 2/2
   119 | D:5      | Noticed an ice beast
   413 | D:7      | Noticed a black bear
   422 | D:6      | Reached skill level 7 in Stealth
   422 | D:6      | Reached XP level 3. HP: 24/26 MP: 3/3
   606 | D:5      | Noticed a gnoll sergeant
   608 | D:5      | Slain by a hound

Illustrated notes

Levels and vault maps discovered:
D:5:      layout_layer_cave, nicolae_wormholes, uniq_grinder
D:6:      layout_basic, lemuel_coloured_pillars_altar,
          mainiacjoe_overflow_alcove_2
D:7:      layout_basic, mainiacjoe_overflow_alcove_1,
          minmay_temple_entry_butterflies, nicolae_ossuary_entry_giza,
          mrwooster_statue_mirror

Skill      XL: |  1  2 |
---------------+-------+-----
Stealth        | 7 |  7.1
Fighting       | |  3.4
Axes           | |  2.6
Dodging        | |  2.6

Action                   || total
-------------------------++-------
Melee: Hand axe          ||    23
       Constrict         ||     6
       Tentacles         ||     5
  Use: Potion            ||     4
       Scroll            ||     1
 Stab: Sleeping          ||     1
Armor: Skin              ||     1
Dodge: Dodged            ||    13
